 Dungeon Crawl Stone Soup version 0.28.0 (webtiles) character file.

Game seed: 14885260558930202536

105 mortz the Ducker (level 4, -2/44 HPs)
             Began as a Troll Fighter on Feb 11, 2022.
             Slain by an adder (3 damage)
             ... on level 3 of the Dungeon.
             The game lasted 00:30:18 (2281 turns).

mortz the Ducker (Troll Fighter)                    Turns: 2281, Time: 00:30:19

Health: -2/44      AC:  2    Str: 32    XL:     4   Next: 53%
Magic:  3/3        EV:  8    Int:  4    God:
Gold:   59         SH:  7    Dex:  9    Spells: 3/3 levels left

rFire   . . .      SeeInvis .   a - +0 long sword
rCold   . . .      Faith    .   c - +0 kite shield
rNeg    . . .      Spirit   .   (armour restricted)
rPois   .          Reflect  .   (helmet restricted)
rElec   .          Harm     .   y - scarf {repulsion}
rCorr   .          Rampage  .   (gloves unavailable)
Will    .....                   (boots unavailable)
Stlth   +.........              (no amulet)
HPRegen 0.94/turn               C - +6 ring of strength
MPRegen 0.08/turn               (no ring)

@: lethally poisoned (-2 -> -2), repel missiles
A: large, unfitting armour, claws 3, regeneration 1, shaggy fur 1, tough skin 1
a: no special abilities


You were on level 3 of the Dungeon.
You visited 1 branch of the dungeon, and saw 3 of its levels.

You collected 59 gold pieces.

Inventory:

Hand Weapons
 a - a +0 long sword (weapon)
 f - a +0 dagger
 k - a +0 dagger
 l - a +0 short sword
 m - a +0 whip
 n - a +0 club
 o - a +0 club
 q - a +0 dagger
 r - a +0 dagger
 t - a +0 club
 v - a +0 dagger
 w - a +0 short sword
 B - a +0 club
 E - a +0 spear
 H - a +0 club
Missiles
 g - 16 stones (quivered)
 u - 24 arrows
Armour
 b - a +0 robe
 c - a +0 kite shield (worn)
 h - a +0 leather armour
 i - a +0 ring mail
 p - a +0 scale mail
 s - a +0 leather armour
 x - a +0 leather armour
 y - a scarf of repulsion (worn)
 G - a +2 cloak
Jewellery
 C - a +6 ring of strength (left claw)
Scrolls
 e - 2 scrolls of identify {unknown}
 j - 2 scrolls of fear {unknown}
 A - a scroll of brand weapon {unknown}
 D - a scroll of teleportation {unknown}
 F - a scroll of noise {unknown}
Potions
 d - a potion of might
 z - a potion of degeneration {unknown}


   Skills:
 + Level 2.9 Fighting
 + Level 2.7 Long Blades
 + Level 0.1 Throwing
 + Level 3.0 Dodging
 + Level 0.1 Stealth
 + Level 2.9 Shields


You had 3 spell levels left.
You didn't know any spells.
Your spell library contained the following spells:

 Spells                   Type           Power      Damage    Failure   Level
 Ozocubu's Armour         Ice            0%         N/A       99%         3
 Ozocubu's Refrigeration  Ice            0%         4d5       100%        7


Dungeon Overview and Level Annotations

Branches:
Dungeon (3/15)

Altars:


Innate Abilities, Weirdness & Mutations

You are too large for most types of armour.
You have claws for hands.
Your natural rate of healing is unusually fast.
You are covered in fur. (AC +1)
You have tough skin. (AC +1)


Message History

You hit the adder but do no damage.
You feel sick. The adder bites you. x2
You hit the adder.
The adder is heavily wounded.
You feel sick. The adder bites you.
You are more poisoned.
The adder poisons you! The adder bites you.
You are more poisoned.
The adder poisons you!
You closely miss the adder.
The adder is heavily wounded.
You feel very sick. The adder bites you. You block the adder's attack.
You closely miss the adder.
The adder is heavily wounded.
You feel very sick. You block the adder's attack. The adder barely misses you.
You closely miss the adder.
The adder is heavily wounded.
You feel sick. The adder bites you.
* * * LOW HITPOINT WARNING * * *
You are more poisoned.
The adder poisons you! You block the adder's attack.
You miss the adder.
The adder is heavily wounded.
You feel very sick. The adder bites you.
* * * LOW HITPOINT WARNING * * *
The adder barely misses you.
You miss the adder.
The adder is heavily wounded.
You feel sick. The adder barely misses you. The adder bites you.
* * * LOW HITPOINT WARNING * * *
You miss the adder.
The adder is heavily wounded.
* * * LOW HITPOINT WARNING * * *
You feel sick. The adder bites you but does no damage.
You miss the adder.
The adder is heavily wounded.
You feel sick. The adder bites you.
You die...

#.#.##...##.#.#.+
#.#.##...##.#.#.#
.
#.#.#######.#.#.#
#.#.#.# #.#.#.#
##..#.# #...#.#
#.....#
##..#.+####+
...####
#..#....... .##
#..'######## .
##.@S.......
####.....##
....## ##.## .# #


You could see an adder.

Vanquished Creatures
  A jelly (D:2)
  3 adders
  A dart slug (D:1)
  7 ball pythons (D:1)
  6 endoplasms
  2 giant cockroaches
  6 goblins
  2 hobgoblins (D:1)
  2 quokkas
  4 bats
  6 kobolds
  4 rats
44 creatures vanquished.

Vanquished Creatures (others)
  18 fungi (D:1)
  5 plants (D:3)
23 creatures vanquished.

Grand Total: 67 creatures vanquished

Notes
Turn   | Place    | Note
-------+----------+-------------------------------------------
     0 | D:1      | mortz the Troll Fighter began the quest for the Orb.
     0 | D:1      | Reached XP level 1. HP: 22/22 MP: 0/0
   238 | D:1      | Reached XP level 2. HP: 29/29 MP: 1/1
   899 | D:1      | Found a faded altar of an unknown god.
  1198 | D:2      | Reached XP level 3. HP: 4/36 MP: 2/2
  1572 | D:2      | Reached XP level 4. HP: 28/44 MP: 3/3
  2188 | D:3      | Reached skill level 3 in Dodging
  2279 | D:3      | HP: 2/44 [adder (3)]
  2281 | D:3      | Slain by an adder

Illustrated notes

Levels and vault maps discovered:
D:1:      scummos_arrival_checkerplants, layout_basic,
          nicolae_ecumenical_snake_handling
D:2:      layout_loops_cross
D:3:      layout_loops_ring, minivault_11, lexackson_kobold_supper

Skill      XL: |  1  2  3  4 |
---------------+-------------+-----
Long Blades    | 2 |  2.7
Dodging        | 3 |  3.0
Fighting       | |  2.9
Throwing       | |  0.1
Stealth        | |  0.1
Shields        | |  2.9

Action                   |  1- 3 |  4- 6 || total
-------------------------+-------+-------++-------
Melee: Long sword        |   106 |    44 ||   150
Throw: Stone             |     4 |       ||     4
Armor: Robe              |    41 |    13 ||    54
       Skin              |       |     1 ||     1
Dodge: Dodged            |    55 |    24 ||    79
Block: Kite shield       |    41 |    17 ||    58
